 Dungeon Crawl Stone Soup version 0.28-a0-683-ga8797d1ae1 (webtiles) character file.

Game seed: 1936060628746873012

1601 lunkers the Thaumaturge (level 9, -5/61 HPs)
             Began as a Djinni Cinder Acolyte on Oct 18, 2021.
             Was a High Priest of Ignis.
             Slain by Edmund (11 damage)
             ... on level 6 of the Dungeon.
             The game lasted 00:15:20 (7592 turns).

lunkers the Thaumaturge (Djinni Cinder Acolyte)     Turns: 7592, Time: 00:15:21

Health: -5/61      AC:  6    Str: 13    XL:     9   Next: 16%
Gold:   319        EV: 11    Int: 18    God:    Ignis [*****.] SH:  3 Dex: 10

rFire   + + +      SeeInvis .   x - +7 dagger of the Assorted Shrikes {venom, rCorr}
rCold   . . .      Faith    .   c - +0 buckler
rNeg    . . .      Spirit   .   n - +2 robe {rF+}
rPois   ∞          Reflect  .   l - +0 helmet
rElec   .          Harm     .   j - +0 cloak
rCorr   +          Rampage  .   (no gloves)
Will    .....                   (boots unavailable)
Stlth   ++........              (no amulet)
HPRegen 0.20/turn               u - ring of ice
MPRegen 0.00/turn               (no ring)

@: flying
A: sickness immunity, fire resistance 2, cold vulnerability 1, float, innate
caster, hp casting, extra vitality 1
a: Renounce Religion, Sea of Fire, Foxfire Swarm, Rising Flame


You were on level 6 of the Dungeon.
You worshipped Ignis.
Ignis was extremely pleased with you.
You visited 1 branch of the dungeon, and saw 6 of its levels.

You collected 319 gold pieces.

Inventory:

Hand Weapons
 a - a -1 falchion of flaming
 q - a +1 spear of freezing
 x - the +7 dagger of the Assorted Shrikes (weapon) {venom, rCorr}
   (You found it on level 5 of the Dungeon)

   It poisons the flesh of those it strikes.
   rCorr:     It protects you from acid and corrosion.
Missiles
 t - a throwing net
Armour
 c - a +0 buckler (worn)
 j - a +0 cloak (worn)
 l - a +0 helmet (worn)
 n - a +2 robe of fire resistance (worn)
Jewellery
 u - a ring of ice (left hand)
Wands
 h - a wand of flame (9)
 p - a wand of mindburst (8)
Scrolls
 b - a scroll of silence {unknown}
 d - 2 scrolls of identify
 e - 2 scrolls of noise {unknown}
 f - a scroll of immolation {unknown}
 g - a scroll of fear {unknown}
 k - a scroll of fog {unknown}
 m - a scroll of magic mapping {unknown}
 s - a scroll of enchant weapon {unknown}
 v - a scroll of teleportation {unknown}
 y - a scroll of amnesia {unknown}
Potions
 i - a potion of lignification
 o - a potion of heal wounds
 r - a potion of cancellation
 w - a potion of brilliance
 z - a potion of ambrosia


   Skills:
 + Level 3.4 Fighting
 + Level 2.8 Long Blades
 + Level 1.9 Dodging
 + Level 1.7 Stealth
 + Level 1.0 Shields
 + Level 8.2 Spellcasting


You had 13 spell levels left.
You knew the following spells:

 Your Spells              Type           Power      Damage    Failure   Level
a - Sting                 Tmut/Pois      100%       1d8       1%          1
b - Searing Ray           Conj           74%        2d7       1%          2
c - Call Canine Familiar  Summ           37%        N/A       1%          3
d - Dazzling Flash        Conj/Hex       74%        N/A       1%          3
p - Scorch                Fire           74%        2d9       1%          2
Your spell library was empty.

Dungeon Overview and Level Annotations

Branches:
Dungeon (6/15)
 Temple: D:4-7

Altars:
Gozag
Nemelex Xobeh
Qazlal

Shops:
D:4 =

Annotations:
D:6 Edmund


Innate Abilities, Weirdness & Mutations

You are immune to sickness and miasma.
You are immune to poison.
Your flesh is very heat resistant. (rF++)
You are vulnerable to cold. (rC-)
You float through the air rather than walking.
You learn spells naturally, not from books.
Your magical power is your life essence.
You have superior vitality. (+4 HP)


Message History

Press: ? - help, Q - select action, (/) - cycle Dir - look around, f - activate Flames lash Edmund.
Edmund is burned terribly!
Edmund is severely wounded.
Edmund says, "Maybe I'll buy a title.
How does Count Edmund sound?"
Edmund hits you with a +0 dire flail of protection!
* * * LOW HITPOINT WARNING * * *
Casting: Scorch (safe; 1% risk of failure)
Press: ? - help, Q - select action, (/) - cycle Dir - look around, f - activate Flames lash Edmund but do no damage.
* * * LOW HITPOINT WARNING * * *
Edmund is no longer more vulnerable to fire.
Edmund hits you with a +0 dire flail of protection!
* * * LOW HITPOINT WARNING * * *
Casting: Scorch (safe; 1% risk of failure)
Press: ? - help, Q - select action, (/) - cycle Dir - look around, f - activate Flames lash Edmund.
Edmund is almost dead.
Edmund's fire resistance burns away.
* * * LOW HITPOINT WARNING * * *
Edmund barely misses you.
Unknown command.
You block Edmund's attack. Edmund barely misses you.
Edmund is no longer more vulnerable to fire.
You see here a scorpion corpse.
Edmund says, "A flail is better than a scythe, any day of the week!"
Casting: Scorch (safe; 1% risk of failure)
Press: ? - help, Q - select action, (/) - cycle Dir - look around, f - activate Flames lash Edmund.
Edmund is almost dead.
Edmund's fire resistance burns away.
* * * LOW HITPOINT WARNING * * *
Edmund hits you with a +0 dire flail of protection!
* * * LOW HITPOINT WARNING * * *
Casting: Scorch (safe; 1% risk of failure)
Press: ? - help, Q - select action, (/) - cycle Dir - look around, f - activate Flames lash Edmund but do no damage.
* * * LOW HITPOINT WARNING * * *
Edmund hits you with a +0 dire flail of protection!
You die...

####### #### #.....######
#....# #..)..#....# #....
#.....#....# #....
#.....'....# +....
#.....#....#
#...##########.#####....#
#...##.......#..........#
#......@@...............#
#...##..................#
#..†##..................#
#...................)...#
#.......................#
#...................<...#
#...###########.........#
#...##.......##.........#
#....#..................#


You could see Edmund (combustible).

Vanquished Creatures
  Sigmund (D:3)
  A steam dragon (D:5)
  Purgy (D:4)
  An ice beast (D:5)
  A sky beast (D:5)
  2 necrophages
  2 ogres
  A gnoll sergeant (D:4)
  A scorpion (D:6)
  2 bullfrog zombies (D:5)
  A hound (D:5)
  A bullfrog skeleton (D:5)
  Ijyb (D:4)
  2 iguanas
  4 gnolls
  8 adders
  2 worms (D:3)
  2 orcs
  7 ball pythons
  10 bats
  9 endoplasms
  4 giant cockroaches
  9 goblins
  2 hobgoblins
  A quokka (D:1)
  2 frilled lizards (D:2)
  11 kobolds
  4 rats
93 creatures vanquished.

Vanquished Creatures (collateral kills)
  Grinder (D:6)
  3 gnolls
4 creatures vanquished.

Vanquished Creatures (others)
  2 fungi (D:4)
  5 plants (D:1)
7 creatures vanquished.

Grand Total: 104 creatures vanquished

Notes
Turn   | Place    | Note
-------+----------+-------------------------------------------
     0 | D:1      | lunkers the Djinni Cinder Acolyte began the quest for the
                  | Orb.
     0 | D:1      | Reached XP level 1. HP: 20/20 MP: 0/0
   529 | D:1      | Reached XP level 2. HP: 18/25 MP: 0/0
  1210 | D:1      | Reached XP level 3. HP: 21/30 MP: 0/0
  1210 | D:1      | Learned a level 1 spell: Sting
  1972 | D:2      | Reached skill level 3 in Spellcasting
  2450 | D:2      | Reached XP level 4. HP: 24/35 MP: 0/0
  3473 | D:3      | Found an opulent altar of Gozag.
  3529 | D:3      | Reached XP level 5. HP: 25/40 MP: 0/0
  3529 | D:3      | Learned a level 2 spell: Searing Ray
  3791 | D:3      | Noticed Sigmund
  3830 | D:3      | Killed Sigmund
  3831 | D:3      | Reached skill level 1 in Stealth
  3831 | D:3      | Reached skill level 4 in Spellcasting
  3831 | D:3      | Reached XP level 6. HP: 16/46 MP: 0/0
  4073 | D:3      | Found a sparkling altar of Nemelex Xobeh.
  4088 | D:3      | Noticed a golden eye
  4093 | D:3      | Noticed a great orb of eyes
  4095 | D:3      | Found a faded altar of an unknown god.
  4097 | D:3      | Noticed a great orb of eyes
  4097 | D:3      | Noticed a shining eye
  4669 | D:4      | Found a stormy altar of Qazlal.
  4711 | D:4      | Noticed Purgy
  4717 | D:4      | Killed Purgy
  4718 | D:4      | Reached skill level 5 in Spellcasting
  4718 | D:4      | Reached XP level 7. HP: 43/50 MP: 0/0
  4718 | D:4      | Learned a level 3 spell: Call Canine Familiar
  4883 | D:4      | Noticed Ijyb
  4896 | D:4      | Killed Ijyb
  4897 | D:4      | Reached skill level 1 in Dodging
  6051 | D:4      | Found Kenkutef's Jewellery Shop.
  6239 | D:5      | Entered Level 5 of the Dungeon
  6250 | D:5      | Reached skill level 6 in Spellcasting
  6288 | D:5      | Reached XP level 8. HP: 46/56 MP: 0/0
  6480 | D:5      | Identified the +7 dagger of the Assorted Shrikes {venom,
                  | rCorr}
  6749 | D:5      | Reached skill level 7 in Spellcasting
  6788 | D:5      | Reached skill level 1 in Shields
  7247 | D:6      | Noticed Grinder
  7258 | D:6      | Paralysed by Grinder for 4 turns
  7262 | D:6      | Killed Grinder
  7263 | D:6      | Reached XP level 9. HP: 32/61 MP: 0/0
  7263 | D:6      | Learned a level 3 spell: Dazzling Flash
  7267 | D:6      | Reached skill level 8 in Spellcasting
  7552 | D:6      | Noticed Edmund
  7592 | D:6      | Slain by Edmund

Illustrated notes

Levels and vault maps discovered:
D:1:      eino_arrival_tree_alley, layout_loops_ring, serial_forest,
          infiniplex_forest_corner_2, infiniplex_forest_clump_large,
          infiniplex_forest_straight_2, infiniplex_forest_lined_room_,
          infiniplex_forest_clump_medium, infiniplex_forest_clump_double,
          infiniplex_forest_lined_corner, grunt_decor_fettered
D:2:      layout_basic
D:3:      layout_basic, amcnicky_altar_gilded, nemelex_diamond_rough_becter,
          hellmonk_ecumenical_altar_watching_god, st_stairs_7, uniq_sigmund
D:4:      layout_gridville, mainiacjoe_overflow_cross_hatched, serial_shops,
          shop, grunt_decor_one_mirror, uniq_purgy, uniq_ijyb
D:5:      layout_rooms
D:6:      minmay_octagon_keep, layout_gridville,
          minmay_temple_entry_statues_pillars, uniq_edmund, uniq_grinder

Skill      XL: |  1  2  3  4  5  6  7  8  9 |
---------------+----------------------------+-----
Spellcasting   | 3 4 5 6 7 8 |  8.2
Stealth        | 1 |  1.7
Dodging        | 1 |  1.9
Shields        | 1 |  1.0
Fighting       | |  3.4
Long Blades    | |  2.8

Action                   |  1- 3 |  4- 6 |  7- 9 || total
-------------------------+-------+-------+-------++-------
Melee: Falchion          |    28 |       |       ||    28
 Cast: Scorch            |    45 |    46 |    96 ||   187
       Searing Ray       |       |     4 |     4 ||     8
       Call Canine Famil |       |       |     7 ||     7
  Use: Scroll            |       |     2 |     3 ||     5
       Potion            |       |     2 |       ||     2
Armor: Robe              |     7 |     5 |    13 ||    25
Dodge: Dodged            |    20 |     7 |    33 ||    60
Block: Buckler           |     3 |     2 |     4 ||     9

Table legend: (Time is in decaauts)
 A = Elapsed time spent in this place.
 B = Non-inter-level travel time spent in this place.
 C = Inter-level travel time spent in this place.
 D = Time resting spent in this place.
 E = Time spent auto-exploring this place.
 F = Levels seen in this place.
 G = Mean time per level.
                   A        B        C        D        E       F      G
               +--------+--------+--------+--------+--------+-----+--------+
         Total |   7596 |   7338 |    258 |    763 |   5693 |   6 | 1266.0 |
       Dungeon |   7596 |   7338 |    258 |    763 |   5693 |   6 | 1266.0 |
               +--------+--------+--------+--------+--------+-----+--------+

Top non-repeatable levels by time:
     D:3: 1742 daAuts
     D:1: 1688 daAuts
     D:4: 1417 daAuts
     D:2: 1396 daAuts
     D:5: 1006 daAuts
     D:6: 344 daAuts
